 Dungeon Crawl Stone Soup version 0.19.1 (webtiles) character file.

3289 kae the Martial Artist (level 9, -8/75 HPs)
             Began as a Demonspawn Monk on Dec 22, 2016.
             Mangled by an orc warrior
             ... wielding a +0 hand axe
              (11 damage)
             ... on level 9 of the Dungeon.
             The game lasted 00:15:11 (10103 turns).

kae the Martial Artist (Demonspawn Monk)           Turns: 10103, Time: 00:15:12

Health: -8/75      AC:  3    Str: 11    XL:     9   Next: 69%
Magic:  0/9        EV: 13    Int: 12    God:
Gold:   505        SH:  0    Dex: 19    Spells: 0 memorised, 8 levels left

rFire  x . .     SeeInvis .       - Unarmed
rCold  + + .     Gourm    .     a - +0 robe
rNeg   . . .     Faith    .     (no shield)
rPois  .         Spirit   +     (helmet restricted)
rElec  .         Reflect  .     t - +0 cloak
rCorr  .         Harm     .     (no gloves)
MR     +....                    (no boots)
Stlth  ++........               C - amulet "Hime" {Spirit MR+}
                                E - ring of flight
                                i - ring of ice

@: no status effects
A: antennae 2, claws 1, hooves 2, cold resistance 1, spiny 1
a: Evoke Flight


You were on level 9 of the Dungeon.
You were not hungry.

You visited 2 branches of the dungeon, and saw 10 of its levels.
You also visited: Sewer.

You collected 505 gold pieces.

Inventory:

Armour
 a - a +0 robe (worn)
 t - a +0 cloak (worn)
Jewellery
 i - a ring of ice (left claw)
 n - an uncursed amulet of regeneration
 C - the amulet "Hime" (around neck) {Spirit MR+}
   (You found it on level 7 of the Dungeon)

   [amulet of guardian spirit]

   It causes incoming damage to be split between your health and magic.
   It affects your resistance to hostile enchantments.
 E - a ring of flight (right claw)
Wands
 z - a wand of digging (9/24)
Scrolls
 c - 3 scrolls of teleportation
 e - a scroll of noise
 h - 4 scrolls of remove curse
 w - 3 scrolls of blinking
 y - a scroll of magic mapping
Potions
 d - 2 potions of might
 j - 4 potions of curing
 m - a potion of agility
 o - 2 potions of cancellation {unknown}
 p - a potion of degeneration {unknown}
 q - a potion of berserk rage {unknown}
 r - 3 potions of heal wounds {unknown}
 s - a potion of invisibility {unknown}
 v - 2 potions of magic {unknown}
 A - a potion of ambrosia {unknown}
 D - a potion of flight {unknown}
Books
 x - the Guide on the Fiery Birds
   (You found it in a sewer)

   Spells                             Type                      Level
   a - Repel Missiles                 Charms/Air                   2
   b - Airstrike                      Air                          4
   c - Bolt of Magma                  Conjuration/Fire/Earth       5
   d - Deflect Missiles               Charms/Air                   6
Comestibles
 b - 11 bread rations
 f - a royal jelly
 k - 3 beef jerkies
 l - 4 fruits
 u - 4 meat rations


   Skills:
 + Level 8.3 Fighting
 - Level 2.6 Dodging
 - Level 1.7 Stealth
 * Level 10.7 Unarmed Combat


You had 8 spell levels left.
You didn't know any spells.

Dungeon Overview and Level Annotations

Branches:
Dungeon (9/15)             Temple (1/1) D:6            Lair (0/6) D:8
    Orc: D:9-12

Altars:
Ashenzari
Cheibriados
Dithmenos
Elyvilon
Fedhas
Gozag
Hepliaklqana
Kikubaaqudgha
Makhleb
Nemelex Xobeh
Qazlal
Ru
Sif Muna
Trog
Uskayaw
Vehumet
Xom
Yredelemnul
Zin
The Shining One

Shops:
D:9 (


Innate Abilities, Weirdness & Mutations

You have a pair of antennae on your head.
You have sharp fingernails.
You have hoof-like feet.
Your flesh is cold resistant. (rC+)
You are partially covered in sharp spines.


Message History

The orc warrior is struck by your spines.
The orc warrior hits you with a hand axe!
* * * LOW HITPOINT WARNING * * *
You scratch the orc warrior but do no damage.
You kick the orc warrior.
The orc warrior is heavily wounded.
The orc warrior hits you with a hand axe!
* * * LOW HITPOINT WARNING * * *
You closely miss the orc warrior.
The orc warrior is heavily wounded.
You closely miss the orc warrior.
The orc warrior is heavily wounded.
The orc warrior hits you with a hand axe!
* * * LOW HITPOINT WARNING * * *
You claw the orc warrior!
You kick the orc warrior, but do no damage.
The orc warrior is severely wounded.
The orc warrior is struck by your spines.
The orc warrior hits you with a hand axe!
You die...

.. .### ## ...
... ..## .... #
{ ..# ..... {
#.##+##.#...[∩.
#.......[......
####o.#.##o....
#.@oo...# ...
#####.### #
.... ######


You could see an orc warrior and 2 orcs.

Vanquished Creatures
  Pikel (D:7)
  Sigmund (D:2)
  A spriggan (D:7)
  A yak (D:8)
  2 hungry ghosts
  The ghost of lofty the Caller, an amateur HuSu (D:4)
  A water moccasin (D:8)
  4 slaves
  An ice beast (D:6)
  3 orc warriors
  A black bear (D:8)
  3 phantoms
  A centaur (D:8)
  An ogre (D:8)
  2 crocodiles (D:8)
  A water moccasin zombie (D:7)
  A centaur zombie (D:8)
  A crimson imp (D:7)
  A quasit (D:8)
  2 hounds
  3 orc priests
  A bullfrog zombie (D:6)
  A jelly (D:7)
  An iguana (D:6)
  A worker ant (D:6)
  3 orc wizards
  A worker ant zombie (D:5)
  4 gnolls (D:4)
  10 adders
  3 river rats (D:6)
  A shadow imp (D:5)
  3 oozes
  An adder zombie (D:8)
  2 adder skeletons (D:5)
  7 worms
  5 dart slugs
  6 leopard geckos
  26 orcs
  3 ball pythons
  8 bats
  15 giant cockroaches
  9 goblins
  4 hobgoblins
  7 jackals
  4 quokkas
  16 frilled lizards
  8 kobolds
  2 leopard gecko zombies
  A quokka skeleton (D:7)
  2 quokka zombies
  5 rats
193 creatures vanquished.

Notes
Turn   | Place    | Note
-------+----------+-------------------------------------------
     0 | D:1      | kae the Demonspawn Monk began the quest for the Orb.
     0 | D:1      | Reached XP level 1. HP: 18/18 MP: 1/1
    41 | D:1      | Reached skill level 3 in Unarmed Combat
    91 | D:1      | Gained mutation: You have large cloven feet. [demonic ancestry]
    91 | D:1      | Reached XP level 2. HP: 20/24 MP: 2/2
   545 | D:1      | Gained mutation: You have a pair of small antennae on your head. [demonic ancestry]
   545 | D:1      | Reached XP level 3. HP: 21/29 MP: 3/3
  1630 | D:2      | Noticed Sigmund
  2296 | D:2      | Reached skill level 4 in Unarmed Combat
  2296 | D:2      | Gained mutation: Your flesh is cold resistant. (rC+) [demonic ancestry]
  2296 | D:2      | Reached XP level 4. HP: 36/36 MP: 4/4
  3055 | D:3      | Found a burning altar of Makhleb.
  4077 | D:4      | Noticed a phantom
  4186 | D:3      | Gained mutation: You have a pair of antennae on your head. [demonic ancestry]
  4186 | D:3      | Reached XP level 5. HP: 24/42 MP: 5/5
  4319 | D:4      | Killed a phantom
  4319 | D:4      | Reached skill level 5 in Unarmed Combat
  4411 | D:4      | Found a glowing golden altar of the Shining One.
  4695 | D:4      | Reached XP level 6. HP: 28/49 MP: 6/6
  4788 | D:4      | Noticed lofty's ghost (amateur HuSu)
  4844 | D:4      | Killed lofty's ghost
  5041 | D:5      | Entered Level 5 of the Dungeon
  5075 | D:5      | Noticed an orc warrior
  5126 | D:5      | Reached skill level 6 in Unarmed Combat
  5346 | D:5      | Reached skill level 5 in Fighting
  5404 | D:5      | Gained mutation: You have sharp fingernails. [demonic ancestry]
  5404 | D:5      | Reached XP level 7. HP: 44/56 MP: 7/7
  5530 | D:5      | Found a glowing silver altar of Zin.
  6008 | D:6      | Found a snail-covered altar of Cheibriados.
  6008 | D:6      | Found a blossoming altar of Fedhas.
  6008 | D:6      | Found a bloodstained altar of Trog.
  6009 | D:6      | Found a staircase to the Ecumenical Temple.
  6026 | Temple   | Entered the Ecumenical Temple
  6120 | D:6      | Found a shattered altar of Ashenzari.
  6215 | D:6      | Reached skill level 7 in Unarmed Combat
  6231 | D:6      | Found a stormy altar of Qazlal.
  6394 | D:6      | Found a glowing drain.
  6424 | Sewer    | Entered a sewer
  6663 | Sewer    | Identified the Guide on the Fiery Birds
  6830 | D:7      | Noticed Pikel
  7295 | D:7      | Killed Pikel
  7295 | D:7      | Reached skill level 8 in Unarmed Combat
  7295 | D:7      | Gained mutation: You are partially covered in sharp spines. [demonic ancestry]
  7295 | D:7      | Reached XP level 8. HP: 54/65 MP: 8/8
  7324 | D:7      | Got a wavering lead amulet
  7605 | D:7      | Reached skill level 9 in Unarmed Combat
  8212 | D:2      | Killed Sigmund
  8212 | D:2      | Gained mutation: You have hoof-like feet. [demonic ancestry]
  8212 | D:2      | Reached XP level 9. HP: 72/72 MP: 9/9
  8320 | D:8      | Found a white marble altar of Elyvilon.
  8422 | D:8      | Identified the amulet "Hime" {Spirit MR+} (You found it on level 7 of the Dungeon)
  8528 | D:8      | Found a staircase to the Lair.
  8528 | D:8      | Noticed an elephant
  8957 | D:8      | Reached skill level 10 in Unarmed Combat
  9925 | D:9      | Found Vumnifuo's Weapon Shoppe.
 10102 | D:9      | HP: 3/75 [orc warrior/hand axe (7)]
 10103 | D:9      | Mangled by an orc warrior

Skill      XL: |  1  2  3  4  5  6  7  8  9 |
---------------+----------------------------+-----
Unarmed Combat | 3 4 5 6 8 9 10 | 10.7
Fighting       | 4 5 6 7 8 |  8.3
Dodging        | |  2.6
Stealth        | |  1.7

Action                   |  1- 3 |  4- 6 |  7- 9 || total
-------------------------+-------+-------+-------++-------
Melee: Unarmed           |   189 |   325 |   386 ||   900
       Punch             |     4 |     1 |    17 ||    22
       Kick              |    52 |    94 |   113 ||   259
  Use: Scroll            |     1 |     9 |     5 ||    15
       Potion            |       |       |     3 ||     3
 Stab: Sleeping          |     2 |     4 |     6 ||    12
       Distracted        |       |       |     5 ||     5
  Eat: Chunk             |     4 |    11 |    16 ||    31
       Pizza             |       |       |     1 ||     1
Armor: Robe              |    42 |    61 |    38 ||   141
Dodge: Dodged            |   122 |   216 |   181 ||   519
